Map: Dusk Towers

Players

LilDicky - Winner!

  • Race: Terran Terran
  • League: Diamond

Goliath

  • Race: Protoss Protoss
  • League: Platinum

VOD

http://www.twitch.tv/tumescentpie

Description

Time

  • Played on: Dec. 12, 2015, 2:17 p.m.
  • Length: 7:30
Show
View Real Time Build Order
Export as new Build Order

LilDicky Terran - Winner!

Build Orders: MMM Bio 

Get SALT Encoding   

  12  0:01  SCV  
  13  0:14  SCV  
  14  0:18  Supply Depot  
  14  0:26  SCV  
  15  0:29  Refinery  
  15  0:44  Barracks  
  15  0:47  SCV  
  16  0:59  SCV  
  17  1:11  SCV  
  18  1:23  SCV  
  19  1:37  Factory  
  19  1:40  Marine  
  19  1:41  Supply Depot  
  19  1:44  Orbital Command  
  20  1:58  Marine  
  21  2:04  Barracks  
  21  2:09  Barracks  
  21  2:17  Refinery  
  21  2:19  SCV  
  22  2:27  Barracks Reactor  
  22  2:35  SCV  
  23  2:45  Widow Mine  
  23  2:47  SCV  
  26  2:57  Barracks Tech Lab x2  
  26  2:59  SCV  
  26  3:09  Supply Depot  
  26  3:11  SCV  
  27  3:13  Marine x2  
  27  3:15  Stimpack  
  31  3:24  Combat Shields  
  31  3:30  Marine x2  
  31  3:32  Supply Depot  
  31  3:34  Marine  
  31  3:35  Marine  
  31  3:37  SCV  
  34  3:44  Starport  
  34  4:05  Marauder x2, Marine x2  
  43  4:26  Supply Depot  
  43  4:27  Medivac  
  43  4:29  Marauder  
  47  4:32  Marine  
  47  4:36  Marine  
  47  4:37  SCV  
  47  4:41  Marine  
  46  4:49  SCV  
  46  4:50  Marine  
  46  4:51  Marauder  
  50  4:54  Marine  
  50  4:59  Supply Depot, Marauder  
  53  5:03  Medivac  
  55  5:20  SCV, Marine x2  
  55  5:21  Supply Depot, Marauder x2  
  62  5:32  SCV  
  61  5:38  Marine x2  
  61  5:41  Marine  
  64  5:42  Marauder  
  55  6:01  Marine x3  
  55  6:02  Medivac  
  55  6:03  Marine  
  60  6:18  Marine x2  
  60  6:19  Marine  
  60  6:21  Marine  
  63  6:32  Supply Depot  
  63  6:36  Marine x2  
  63  6:37  Marauder  
  63  6:39  Marauder  
  69  6:46  Concussive Shells  
  68  6:50  Medivac  
  70  6:54  Marine x2  
  70  6:58  Marauder  
  70  7:00  Marine  
  69  7:12  Marine x2  
Show
View Real Time Build Order
Export as new Build Order

Goliath Protoss 

Build Orders: 1 Gate Expand 

Get SALT Encoding   

  12  0:05  Probe (Chrono Boost)  
  13  0:15  Probe (Chrono Boost)  
  13  0:19  Pylon  
  14  0:26  Probe (Chrono Boost)  
  15  0:37  Probe (Chrono Boost)  
  15  0:40  Gateway  
  16  0:47  Probe (Chrono Boost)  
  17  0:57  Assimilator  
  17  0:58  Probe (Chrono Boost)  
  18  1:08  Probe (Chrono Boost)  
  19  1:31  Nexus  
  19  1:33  Cybernetics Core  
  19  1:39  Probe (Chrono Boost)  
  20  1:46  Pylon  
  20  1:51  Probe (Chrono Boost)  
  21  2:01  Probe (Chrono Boost)  
  22  2:12  Mothership Core (Chrono Boost)  
  22  2:14  Assimilator  
  24  2:16  Gateway  
  24  2:22  Stalker (Chrono Boost)  
  26  2:31  Probe  
  26  2:33  Pylon  
  26  2:36  Warp Gate (Chrono Boost)  
  27  2:44  Probe  
  27  2:45  Probe  
  29  2:54  Probe  
  29  2:56  Adept (Chrono Boost)  
  29  2:57  Probe  
  33  3:06  Probe  
  33  3:07  Adept (Chrono Boost)  
  36  3:14  Pylon  
  30  3:41  Robotics Facility  
  30  3:49  Probe x2  
  31  4:13  Stalker  
  31  4:17  Stalker  
  31  4:21  Probe x2  
  37  4:30  Observer (Chrono Boost)  
  38  4:33  Probe x2  
  41  4:45  Probe x2  
  42  4:57  Probe x2  
  44  5:06  Sentry x2  
  48  5:09  Probe, Nexus  
  48  5:11  Pylon  
  49  5:19  Probe  
  49  5:20  Pylon  
  50  5:21  Assimilator  
  50  5:22  Probe  
  50  5:25  Assimilator  
  50  5:26  Zealot  
  50  5:47  Zealot x2  
  44  6:05  Immortal  
  44  6:07  Gateway x2  
  44  6:08  Zealot  
  44  6:09  Gateway  
  48  6:11  Sentry  
  48  6:14  Probe x2  
  52  6:29  Probe  
  52  6:30  Probe x2  
  53  6:42  Forge  
  53  6:47  Pylon  
  53  6:48  Stalker x2  
  53  6:53  Probe x2  
  53  6:54  Probe  
  59  6:59  Pylon  
  60  7:06  Probe  
  55  7:13  Zealot x2  
  45  7:24  Stalker x3  
Tags
 
Add a new tag
Caveats
  • Supply blocks, unpowered buildings, or Contaminate may cause inaccurate times.
  • Supply counts are checked every 10 seconds.